Gangsters vs Sasquatch (R1)

Created - 5 mars 2017 at 19:08

Goals
1 2 3 T
Gangsters 0 1 0 1
Sasquatch 2 3 0 5
Shots
1 2 3 T
Gangsters 10 8 10 28
Sasquatch 11 13 6 30

1st period

1. Sasquatch , Jason Akeson 29 (Linus Omark, Jonathan Blum) at 8:17 (PP)
2. Sasquatch , Linus Omark 39 (Nick Leddy, Jason Akeson) at 19:26 (PP)

Penalties :
James Wisniewski (Gat) for Tripping (Minor) at 5:20, Austen Brassard (Bro) for Tripping (Minor) at 8:01, Lars Eller (Gat) for High sticking (Minor) at 10:17, Patrik Nemeth (Bro) for Holding (Minor) at 19:06, Nick Leddy (Gat) for Holding (Minor) at 19:49

2nd period

3. Sasquatch , Drew Shore 10 (Yann Sauvé, Nick Leddy) at 8:37
4. Sasquatch , Linus Omark 40 (Yannick Weber, James Wisniewski) at 11:49
5. Sasquatch , Lars Eller 30 (D.J King, Nick Leddy) at 12:27
6. Gangsters , Nick Foligno 8 (Ryan Johansen) at 13:46 (PP)

Penalties :
Brock Trotter (Gat) for Elbowing (Minor) at 1:59, Jonathan Blum (Gat) for Roughing (Minor) at 9:37, Andrej Sustr (Gat) for Holding (Minor) at 13:32, D.J King (Gat) for Slashing (Minor) at 17:59

3rd period

No Goal

Penalties :
Jesper Fast (Gat) for Hooking (Minor) at 2:56, Linus Omark (Gat) for Hooking (Minor) at 10:01, Linus Omark (Gat) for Goalie Interference (Minor) at 14:51

Goalie Stats

Mike Condon (Bro), 17 saves from 22 shots - (0,773), L, 16-16-2, 32:27 minutes
Dustin Tokarski (Bro), 8 saves from 8 shots - (1,000), 27:33 minutes
Corey Crawford (Gat), 27 saves from 28 shots - (0,964), W, 24-5-1, 60:00 minutes

Players Stats for Gangsters

Player Name              G  A  P  +/- PIM S  H  SB GA TA FO     MP     PP MP  PK MP  
------------------------------------------------------------------------------------
Alexandre Bolduc         0  0  0  -1  0   4  4  0  2  0  7/16   19:15   7:42   0:36 
Austen Brassard          0  0  0  -1  2   0  1  1  0  1  0/0     8:59   0:00   0:00 
Ben Holmstrom            0  0  0  -1  0   1  0  0  0  1  0/2     9:47   0:44   0:00 
Brett Ponich             0  0  0   0  0   0  1  0  0  0  0/0     8:58   0:00   0:00 
Colten Teubert           0  0  0  -1  0   3  2  2  0  0  0/0    28:58  10:25   0:16 
Curtis McKenzie          0  0  0  -1  0   1  3  0  0  0  0/0     9:40   0:00   0:00 
Dave Dziurzynski         0  0  0  -1  0   0  0  0  0  1  0/0    18:30   7:33   0:00 
Maxime Sauvé             0  0  0  -1  0   2  1  0  0  0  0/2    10:41   0:55   0:00 
Michael Sdao             0  0  0  -2  0   0  1  0  0  1  0/0    22:04   7:40   0:20 
Mikko Lehtonen           0  0  0   0  0   1  2  1  1  0  0/1    21:13   9:37   0:00 
Morgan Ellis             0  0  0   0  0   3  0  1  0  0  0/0     9:18   0:00   0:20 
Nick Foligno             1  0  1   0  0   4  1  0  1  0  0/0    21:18   9:39   0:00 
Patrik Nemeth            0  0  0  -2  2   3  1  2  0  0  0/0    21:43   7:40   0:00 
Phillip Danault          0  0  0  -1  0   0  1  0  0  0  0/1     9:00   0:00   0:00 
Richard Panik            0  0  0  -1  0   1  3  1  1  0  0/0    18:39   7:42   0:00 
Ryan Johansen            0  1  1   0  0   3  3  0  1  0  17/35  21:54   9:39   0:36 
Shaun Heska              0  0  0  -1  0   1  4  1  0  0  0/0    28:58  10:25   0:16 
Stefan Noesen            0  0  0  -1  0   1  1  1  0  0  0/0    10:27   0:44   0:00 

Players Stats for Sasquatch

Player Name              G  A  P  +/- PIM S  H  SB GA TA FO     MP     PP MP  PK MP  
------------------------------------------------------------------------------------
Andrej Sustr             0  0  0   1  2   1  1  1  0  1  0/0    18:20   0:00   7:33 
Brock Trotter            0  0  0   0  2   2  0  0  0  0  1/1    14:09   0:00   4:41 
D.J King                 0  1  1   1  2   2  5  2  1  1  0/0    19:03   0:00   8:43 
Drew Shore               1  0  1   1  0   2  3  1  0  0  10/18  17:14   0:00   9:14 
Garnet Hathaway          0  0  0   1  0   0  1  0  0  0  0/0    10:21   0:00   0:00 
James Wisniewski         0  1  1   0  2   1  0  3  0  1  0/0    18:29   0:00   6:33 
Jason Akeson             1  1  2   0  0   2  1  1  0  0  2/3    13:56   0:36   0:00 
Jesper Fast              0  0  0   1  2   0  2  0  0  0  0/0     8:08   0:00   0:00 
Jonathan Blum            0  1  1   0  2   4  0  0  0  0  0/0    23:04   0:36   9:12 
Josh Bailey              0  0  0   0  0   0  3  1  0  0  8/14   13:35   0:00   0:15 
Lars Eller               1  0  1   2  2   4  2  0  0  0  10/19  17:13   0:36   5:24 
Linus Omark              2  1  3   1  4   7  4  3  1  2  1/1    20:41   0:36   5:18 
Nick Leddy               0  3  3   2  2   3  3  1  2  0  0/0    22:22   0:36   2:34 
Ryan Strome              0  0  0   0  0   0  0  0  0  0  0/0     8:03   0:00   0:00 
Stephane Da Costa        0  0  0   0  0   1  0  0  0  0  1/1    10:08   0:00   1:59 
Teemu Hartikainen        0  0  0   2  0   1  1  0  0  0  0/0     8:58   0:00   0:36 
Yann Sauvé               0  1  1   2  0   0  1  7  0  1  0/0    27:43   0:00  10:07 
Yannick Weber            0  1  1   1  0   0  0  0  0  0  0/0    10:18   0:00   0:11 

3 Stars

1 - Linus Omark (Gat)
2 - Nick Leddy (Gat)
3 - Corey Crawford (Gat)

Power Play

Gangsters - 1 on 10 Attempt(s) - 10,00%
Sasquatch - 2 on 2 Attempt(s) - 100,00%

Penalty Kill

Gangsters - 0 on 2 Attempt(s) - 0,00% - Score 0 goal in Penalty Kill
Sasquatch - 9 on 10 Attempt(s) - 90,00% - Score 0 goal in Penalty Kill

Team Stat

Gangsters - Hits : 29 - Faceoff Wins : 24 - Blocked Shots : 10 - Penalty Minutes : 4
Sasquatch - Hits : 27 - Faceoff Wins : 33 - Blocked Shots : 20 - Penalty Minutes : 20

Official

Referees : O'Halloran Dan and Leggo Mike
Linesman : Jean Morin and Tony Sericolo

Game Notes

Dustin Tokarski enters game at 12:27 of 2nd period
8:25 of 3rd period - Gangsters goal is going for a video replay. After video review, No Goal. The goalkeeper has been pushed into the net together with the puck after making a save.

Finance

Level 1 -- Attendance: 1407 (70,35%) -- Ticket Income 49 245 $
Level 2 -- Attendance: 833 (83,30%) -- Ticket Income 12 495 $
Total Attendance: 2240 (74,67%)
Total Ticket Income: 61 740 $
Other Income: 3 087 $
Total Income: 64 827 $

Gangsters

5 vs 5 Forward 
   Center                   Left Wing                Right Wing               Time % Phy DF OF 
 1 Ryan Johansen            Nick Foligno             Mikko Lehtonen           40     1   2  2  
 2 Alexandre Bolduc         Dave Dziurzynski         Richard Panik            30     1   2  2  
 3 Maxime Sauvé             Curtis McKenzie          Stefan Noesen            20     1   2  2  
 4 Ben Holmstrom            Phillip Danault          Austen Brassard          10     1   2  2  

5 vs 5 Defense 
   Defense                  Defense                                           Time % Phy DF OF 
 1 Colten Teubert           Shaun Heska                                       40     1   2  2  
 2 Michael Sdao             Patrik Nemeth                                     30     1   2  2  
 3 Brett Ponich             Morgan Ellis                                      20     1   2  2  
 4 Colten Teubert           Shaun Heska                                       10     1   2  2  

PowerPlay Forward 
   Center                   Left Wing                Right Wing               Time % Phy DF OF 
 1 Ryan Johansen            Nick Foligno             Mikko Lehtonen           60     1   2  2  
 2 Alexandre Bolduc         Dave Dziurzynski         Richard Panik            40     1   2  2  

PowerPlay Defense
   Defense                  Defense                                           Time % Phy DF OF 
 1 Colten Teubert           Shaun Heska                                       60     1   2  2  
 2 Michael Sdao             Patrik Nemeth                                     40     1   2  2  

Penalty Kill 4 Players Forward 
   Center                   Wing                     Time % Phy DF OF 
 1 Alexandre Bolduc         Ryan Johansen            60     1   2  2  
 2 Nick Foligno             Mikko Lehtonen           40     1   2  2  

Penalty Kill 4 Players Defense
   Defense                  Defense                  Time % Phy DF OF 
 1 Colten Teubert           Shaun Heska              60     1   2  2  
 2 Michael Sdao             Patrik Nemeth            40     1   2  2  

Penalty Kill - 3 Players Forward 
   Forward                                           Time % Phy DF OF 
 1 Alexandre Bolduc                                  60     1   2  2  
 2 Ryan Johansen                                     40     1   2  2  

Penalty Kill - 3 Players Defense
   Defense                  Defense                  Time % Phy DF OF 
 1 Colten Teubert           Shaun Heska              60     1   2  2  
 2 Michael Sdao             Patrik Nemeth            40     1   2  2  

4 vs 4 Forward 
   Center                   Wing                     Time % Phy DF OF 
 1 Alexandre Bolduc         Ryan Johansen            60     1   2  2  
 2 Nick Foligno             Mikko Lehtonen           40     1   2  2  

4 vs 4 Defense
   Defense                  Defense                  Time % Phy DF OF 
 1 Colten Teubert           Shaun Heska              60     1   2  2  
 2 Michael Sdao             Patrik Nemeth            40     1   2  2  

Last Minutes Offensive
   Center                   Left Wing                Right Wing               Defense                  Defense                  
   Alexandre Bolduc         Nick Foligno             Mikko Lehtonen           Colten Teubert           Shaun Heska              

Last Minutes Defensive
   Center                   Left Wing                Right Wing               Defense                  Defense                  
   Alexandre Bolduc         Nick Foligno             Mikko Lehtonen           Colten Teubert           Shaun Heska              

Goaltenders
Starting : Mike Condon              
Backup : Dustin Tokarski          

Extra Forwards
Normal : Maxime Sauvé, Ben Holmstrom, Curtis McKenzie - PP : Maxime Sauvé, Ben Holmstrom - PK : Curtis McKenzie
Extra Defensemen
Normal : Brett Ponich, Morgan Ellis, Michael Sdao - PP : Brett Ponich - PK : Morgan Ellis, Michael Sdao
Penalty Shots
Alexandre Bolduc, Ryan Johansen, Nick Foligno, Mikko Lehtonen, Maxime Sauvé

Sasquatch

5 vs 5 Forward 
   Center                   Left Wing                Right Wing               Time % Phy DF OF 
 1 Josh Bailey              Linus Omark              Jason Akeson             40     1   2  2  
 2 Lars Eller               D.J King                 Garnet Hathaway          30     1   2  2  
 3 Stephane Da Costa        Brock Trotter            Ryan Strome              20     1   2  2  
 4 Drew Shore               Teemu Hartikainen        Jesper Fast              10     1   2  2  

5 vs 5 Defense 
   Defense                  Defense                                           Time % Phy DF OF 
 1 Nick Leddy               Yann Sauvé                                        40     1   2  2  
 2 James Wisniewski         Jonathan Blum                                     30     1   2  2  
 3 Andrej Sustr             Yannick Weber                                     20     1   2  2  
 4 Jonathan Blum            Nick Leddy                                        10     1   2  2  

PowerPlay Forward 
   Center                   Left Wing                Right Wing               Time % Phy DF OF 
 1 Lars Eller               Linus Omark              Jason Akeson             60     1   2  2  
 2 Stephane Da Costa        D.J King                 Ryan Strome              40     1   2  2  

PowerPlay Defense
   Defense                  Defense                                           Time % Phy DF OF 
 1 Nick Leddy               Jonathan Blum                                     60     1   2  2  
 2 Yannick Weber            James Wisniewski                                  40     1   2  2  

Penalty Kill 4 Players Forward 
   Center                   Wing                     Time % Phy DF OF 
 1 Drew Shore               D.J King                 60     1   2  2  
 2 Lars Eller               Linus Omark              40     1   2  2  

Penalty Kill 4 Players Defense
   Defense                  Defense                  Time % Phy DF OF 
 1 Jonathan Blum            Yann Sauvé               60     1   2  2  
 2 James Wisniewski         Andrej Sustr             40     1   2  2  

Penalty Kill - 3 Players Forward 
   Forward                                           Time % Phy DF OF 
 1 Lars Eller                                        60     1   2  2  
 2 Drew Shore                                        40     1   2  2  

Penalty Kill - 3 Players Defense
   Defense                  Defense                  Time % Phy DF OF 
 1 Yann Sauvé               Andrej Sustr             60     1   2  2  
 2 James Wisniewski         Jonathan Blum            40     1   2  2  

4 vs 4 Forward 
   Center                   Wing                     Time % Phy DF OF 
 1 Josh Bailey              D.J King                 60     1   2  2  
 2 Stephane Da Costa        Linus Omark              40     1   2  2  

4 vs 4 Defense
   Defense                  Defense                  Time % Phy DF OF 
 1 Yann Sauvé               Nick Leddy               60     1   2  2  
 2 Yannick Weber            Jonathan Blum            40     1   2  2  

Last Minutes Offensive
   Center                   Left Wing                Right Wing               Defense                  Defense                  
   Stephane Da Costa        Linus Omark              Jason Akeson             Nick Leddy               Jonathan Blum            

Last Minutes Defensive
   Center                   Left Wing                Right Wing               Defense                  Defense                  
   Drew Shore               Linus Omark              D.J King                 James Wisniewski         Yann Sauvé               

Goaltenders
Starting : Corey Crawford           
Backup : Jake Allen               

Extra Forwards
Normal : Teemu Hartikainen, Drew Shore, Brock Trotter - PP : Josh Bailey, Linus Omark - PK : Brock Trotter
Extra Defensemen
Normal : Jonathan Blum, Yannick Weber, James Wisniewski - PP : Andrej Sustr - PK : Nick Leddy, Yannick Weber
Penalty Shots
Linus Omark, Lars Eller, Jason Akeson, Ryan Strome, James Wisniewski

% Time on Ice - Gangsters

Lines # - Real PCT - Wanted PCT - Time Play
Normal Forward
1 - 28% - 40% - 11:42
2 - 27% - 30% - 10:57
3 - 23% - 20% - 9:40
4 - 22% - 10% - 9:00
Normal Defense
1 - 42% - 40% - 17:22
2 - 34% - 30% - 14:04
3 - 22% - 20% - 8:58
4 - 2% - 10% - 0:55
PP Forward
1 - 57% - 60% - 10:23
2 - 43% - 40% - 7:42
PP Defense
1 - 58% - 60% - 10:25
2 - 42% - 40% - 7:40
PK Forward
1 - 100% - 60% - 0:36
2 - 0% - 40% - 0:00
PK Defense
1 - 44% - 60% - 0:16
2 - 56% - 40% - 0:20
PK3 Forward
1 - 0% - 60%
2 - 0% - 40%
PK3 Defense
1 - 0% - 60%
2 - 0% - 40%
44 Forward
1 - 0% - 60%
2 - 0% - 40%
44 Defense
1 - 0% - 60%
2 - 0% - 40%
Last Minute Offensive  - 0:00
Last Minute Defensive  - 0:00
Total
Forward - 60:00
Defense - 60:00

% Time on Ice - Sasquatch

Lines # - Real PCT - Wanted PCT - Time Play
Normal Forward
1 - 35% - 40% - 14:36
2 - 27% - 30% - 11:14
3 - 19% - 20% - 8:03
4 - 18% - 10% - 7:26
Normal Defense
1 - 43% - 40% - 17:36
2 - 28% - 30% - 11:37
3 - 23% - 20% - 9:20
4 - 7% - 10% - 2:46
PP Forward
1 - 100% - 60% - 0:36
2 - 0% - 40% - 0:00
PP Defense
1 - 100% - 60% - 0:36
2 - 0% - 40% - 0:00
PK Forward
1 - 66% - 60% - 11:59
2 - 34% - 40% - 6:06
PK Defense
1 - 58% - 60% - 10:32
2 - 42% - 40% - 7:33
PK3 Forward
1 - 0% - 60%
2 - 0% - 40%
PK3 Defense
1 - 0% - 60%
2 - 0% - 40%
44 Forward
1 - 0% - 60%
2 - 0% - 40%
44 Defense
1 - 0% - 60%
2 - 0% - 40%
Last Minute Offensive  - 0:00
Last Minute Defensive  - 0:00
Total
Forward - 60:00
Defense - 60:00

Play by Play

1st period


0:01 of 1st period - Josh Bailey wins face-off versus Ryan Johansen in neutral zone.
0:26 of 1st period - Richard Panik is hit by Lars Eller and loses puck.
0:31 of 1st period - Slapshot by Lars Eller.
0:31 of 1st period - Shot Misses the Net.
0:51 of 1st period - Snap shot by Maxime Sauvé.
0:51 of 1st period - Stopped by Corey Crawford without a rebound.
0:52 of 1st period - Brock Trotter wins face-off versus Maxime Sauvé in Sasquatch zone.
1:13 of 1st period - Slapshot by Brock Trotter.
1:13 of 1st period - Shot Blocked by Mikko Lehtonen.
1:19 of 1st period - Andrej Sustr is hit by Ryan Johansen.
1:43 of 1st period - Wrist shot by Richard Panik.
1:43 of 1st period - Shot Misses the Net.
2:33 of 1st period - Slapshot by Drew Shore.
2:33 of 1st period - Stopped by Mike Condon with a rebound.
2:35 of 1st period - Slapshot by Nick Leddy.
2:35 of 1st period - Stopped by Mike Condon without a rebound.
2:36 of 1st period - Lars Eller wins face-off versus Ryan Johansen in Gangsters zone.
3:24 of 1st period - Jonathan Blum is hit by Brett Ponich and loses puck.
4:00 of 1st period - Morgan Ellis is hit by Josh Bailey and loses puck.
4:42 of 1st period - Off-side.
4:43 of 1st period - Ryan Johansen wins face-off versus Lars Eller in neutral zone.
4:58 of 1st period - Wrist shot by Ryan Johansen.
4:58 of 1st period - Shot Misses the Net.
5:08 of 1st period - Nick Leddy is hit by Stefan Noesen and loses puck.
5:13 of 1st period - Snap shot by Maxime Sauvé.
5:13 of 1st period - Shot Misses the Net.
5:15 of 1st period - Slapshot by Curtis McKenzie.
5:15 of 1st period - Stopped by Corey Crawford without a rebound.
5:16 of 1st period - Ryan Johansen wins face-off versus Josh Bailey in Sasquatch zone.
5:20 of 1st period - Minor Penalty to James Wisniewski for Tripping.
5:21 of 1st period - Drew Shore wins face-off versus Ryan Johansen in Sasquatch zone.
6:07 of 1st period - Snap shot by Ryan Johansen.
6:07 of 1st period - Stopped by Corey Crawford without a rebound.
6:08 of 1st period - Alexandre Bolduc wins face-off versus Drew Shore in Sasquatch zone.
6:17 of 1st period - Snap shot by Alexandre Bolduc.
6:17 of 1st period - Stopped by Corey Crawford with a rebound.
6:19 of 1st period - Slapshot by Dave Dziurzynski.
6:19 of 1st period - Deflect By Alexandre Bolduc.
6:19 of 1st period - Shot Blocked by D.J King.
6:19 of 1st period - Puck is out of play.
6:20 of 1st period - Alexandre Bolduc wins face-off versus Drew Shore in Sasquatch zone.
6:33 of 1st period - Wrist shot by Alexandre Bolduc.
6:33 of 1st period - Stopped by Corey Crawford with a rebound.
7:20 of 1st period - Penalty to James Wisniewski is over, James Wisniewski is back on ice.
8:01 of 1st period - Minor Penalty to Austen Brassard for Tripping.
8:02 of 1st period - Lars Eller wins face-off versus Alexandre Bolduc in Gangsters zone.
8:03 of 1st period - Snap shot by Linus Omark.
8:03 of 1st period - Stopped by Mike Condon with a rebound.
8:17 of 1st period - Snap shot by Jason Akeson.
8:17 of 1st period - Goal by Jason Akeson - Gangsters : 0 - Sasquatch : 1.
8:18 of 1st period - Ryan Johansen wins face-off versus Josh Bailey in neutral zone.
8:21 of 1st period - Snap shot by Ryan Johansen.
8:21 of 1st period - Stopped by Corey Crawford with a rebound.
8:23 of 1st period - Snap shot by Mikko Lehtonen.
8:23 of 1st period - Shot Misses the Net.
8:42 of 1st period - Icing by D.J King.
8:43 of 1st period - Alexandre Bolduc wins face-off versus Lars Eller in Sasquatch zone.
8:58 of 1st period - Icing by Michael Sdao.
8:59 of 1st period - Alexandre Bolduc wins face-off versus Josh Bailey in Gangsters zone.
9:06 of 1st period - Patrik Nemeth is hit by Josh Bailey and loses puck.
9:34 of 1st period - Nick Leddy is hit by Alexandre Bolduc and loses puck.
9:43 of 1st period - Alexandre Bolduc is hit by Linus Omark and loses puck.
9:58 of 1st period - Wrist shot by Alexandre Bolduc.
9:58 of 1st period - Shot Blocked by Yann Sauvé.
10:08 of 1st period - Snap shot by Alexandre Bolduc.
10:08 of 1st period - Stopped by Corey Crawford without a rebound.
10:09 of 1st period - Ryan Johansen wins face-off versus Lars Eller in Sasquatch zone.
10:17 of 1st period - Minor Penalty to Lars Eller for High sticking.
10:18 of 1st period - Ryan Johansen wins face-off versus Drew Shore in Sasquatch zone.
11:06 of 1st period - Drew Shore is hit by Patrik Nemeth and loses puck.
12:17 of 1st period - Penalty to Lars Eller is over, Lars Eller is back on ice.
12:40 of 1st period - Maxime Sauvé is hit by Linus Omark and loses puck.
12:51 of 1st period - Michael Sdao is hit by Drew Shore and loses puck.
13:57 of 1st period - Dave Dziurzynski is hit by Drew Shore and loses puck.
14:16 of 1st period - Wrist shot by Nick Foligno.
14:16 of 1st period - Stopped by Corey Crawford without a rebound.
14:17 of 1st period - Ryan Johansen wins face-off versus Josh Bailey in Sasquatch zone.
14:26 of 1st period - Wrist shot by Nick Foligno.
14:26 of 1st period - Shot Blocked by Yann Sauvé.
14:47 of 1st period - James Wisniewski is hit by Richard Panik and loses puck.
16:00 of 1st period - Slapshot by D.J King.
16:00 of 1st period - Stopped by Mike Condon with a rebound.
16:02 of 1st period - Slapshot by Lars Eller.
16:02 of 1st period - Shot Blocked by Richard Panik.
16:04 of 1st period - Backhand shot by D.J King.
16:04 of 1st period - Stopped by Mike Condon with a rebound.
16:40 of 1st period - Snap shot by Alexandre Bolduc.
16:40 of 1st period - Deflect By Richard Panik.
16:40 of 1st period - Shot Blocked by James Wisniewski.
16:40 of 1st period - Puck is out of play.
16:41 of 1st period - Ryan Johansen wins face-off versus Josh Bailey in Sasquatch zone.
16:42 of 1st period - Wrist shot by Nick Foligno.
16:42 of 1st period - Shot Misses the Net.
17:07 of 1st period - Lars Eller is hit by Curtis McKenzie and loses puck.
17:13 of 1st period - D.J King is hit by Maxime Sauvé and loses puck.
17:31 of 1st period - Morgan Ellis is hit by Drew Shore and loses puck.
17:42 of 1st period - Drew Shore is hit by Phillip Danault and loses puck.
18:15 of 1st period - Wrist shot by Linus Omark.
18:15 of 1st period - Stopped by Mike Condon with a rebound.
18:17 of 1st period - Slapshot by Jonathan Blum.
18:17 of 1st period - Stopped by Mike Condon with a rebound.
18:35 of 1st period - Snap shot by Lars Eller.
18:35 of 1st period - Shot Misses the Net.
18:53 of 1st period - Snap shot by Drew Shore.
18:53 of 1st period - Shot Misses the Net.
18:55 of 1st period - Slapshot by Andrej Sustr.
18:55 of 1st period - Deflect By Teemu Hartikainen.
18:55 of 1st period - Stopped by Mike Condon without a rebound.
18:56 of 1st period - Josh Bailey wins face-off versus Alexandre Bolduc in Gangsters zone.
19:06 of 1st period - Minor Penalty to Patrik Nemeth for Holding.
19:07 of 1st period - Jason Akeson wins face-off versus Alexandre Bolduc in Gangsters zone.
19:13 of 1st period - Slapshot by Lars Eller.
19:13 of 1st period - Stopped by Mike Condon without a rebound.
19:14 of 1st period - Alexandre Bolduc wins face-off versus Lars Eller in Gangsters zone.
19:14 of 1st period - Alexandre Bolduc is hit by Nick Leddy.
19:26 of 1st period - Slapshot by Nick Leddy.
19:26 of 1st period - Deflect By Linus Omark.
19:26 of 1st period - Goal by Linus Omark - Gangsters : 0 - Sasquatch : 2.
19:27 of 1st period - Josh Bailey wins face-off versus Ryan Johansen in neutral zone.
19:35 of 1st period - Wrist shot by Ryan Johansen.
19:35 of 1st period - Deflect By Mikko Lehtonen.
19:35 of 1st period - Stopped by Corey Crawford with a rebound.
19:37 of 1st period - Backhand shot by Nick Foligno.
19:37 of 1st period - Shot Misses the Net.
19:39 of 1st period - Wrist shot by Shaun Heska.
19:39 of 1st period - Stopped by Corey Crawford with a rebound.
19:49 of 1st period - Minor Penalty to Nick Leddy for Holding.
19:50 of 1st period - Drew Shore wins face-off versus Ryan Johansen in Sasquatch zone.
Goals for this period are 0 for Gangsters vs 2 for Sasquatch.
Shots for this period are 10 for Gangsters vs 11 for Sasquatch.

2nd period


0:01 of 2nd period - Drew Shore wins face-off versus Ryan Johansen in neutral zone.
0:04 of 2nd period - Slapshot by Jonathan Blum.
0:04 of 2nd period - Stopped by Mike Condon without a rebound.
0:05 of 2nd period - Ryan Johansen wins face-off versus Drew Shore in Gangsters zone.
0:05 of 2nd period - Ryan Johansen is hit by D.J King.
0:15 of 2nd period - Wrist shot by Ryan Johansen.
0:15 of 2nd period - Shot Blocked by Yann Sauvé.
0:17 of 2nd period - Snap shot by Nick Foligno.
0:17 of 2nd period - Shot Blocked by D.J King.
0:19 of 2nd period - Wrist shot by Ryan Johansen.
0:19 of 2nd period - Shot Misses the Net.
0:21 of 2nd period - Slapshot by Colten Teubert.
0:21 of 2nd period - Shot Misses the Net.
0:37 of 2nd period - Wrist shot by Jonathan Blum.
0:37 of 2nd period - Stopped by Mike Condon without a rebound.
0:38 of 2nd period - Lars Eller wins face-off versus Ryan Johansen in Gangsters zone.
1:10 of 2nd period - Snap shot by Nick Foligno.
1:10 of 2nd period - Stopped by Corey Crawford without a rebound.
1:11 of 2nd period - Drew Shore wins face-off versus Alexandre Bolduc in Sasquatch zone.
1:28 of 2nd period - Jonathan Blum is hit by Colten Teubert and loses puck.
1:39 of 2nd period - Slapshot by Colten Teubert.
1:39 of 2nd period - Shot Blocked by Yann Sauvé.
1:41 of 2nd period - Wrist shot by Ryan Johansen.
1:41 of 2nd period - Shot Blocked by Yann Sauvé.
1:49 of 2nd period - Penalty to Nick Leddy is over, Nick Leddy is back on ice.
1:59 of 2nd period - Minor Penalty to Brock Trotter for Elbowing.
2:00 of 2nd period - Drew Shore wins face-off versus Alexandre Bolduc in Sasquatch zone.
3:58 of 2nd period - Teemu Hartikainen is hit by Colten Teubert and loses puck.
3:59 of 2nd period - Penalty to Brock Trotter is over, Brock Trotter is back on ice.
4:17 of 2nd period - Wrist shot by Maxime Sauvé.
4:17 of 2nd period - Stopped by Corey Crawford with a rebound.
4:29 of 2nd period - Brett Ponich is hit by Nick Leddy and loses puck.
5:02 of 2nd period - Drew Shore is hit by Ryan Johansen and loses puck.
5:46 of 2nd period - Wrist shot by Brock Trotter.
5:46 of 2nd period - Stopped by Mike Condon with a rebound.
6:10 of 2nd period - Slapshot by Nick Leddy.
6:10 of 2nd period - Stopped by Mike Condon without a rebound.
6:11 of 2nd period - Alexandre Bolduc wins face-off versus Lars Eller in Gangsters zone.
7:03 of 2nd period - Drew Shore is hit by Curtis McKenzie and loses puck.
7:48 of 2nd period - Andrej Sustr is hit by Alexandre Bolduc and loses puck.
8:25 of 2nd period - Slapshot by Colten Teubert.
8:25 of 2nd period - Stopped by Corey Crawford without a rebound.
8:26 of 2nd period - Drew Shore wins face-off versus Maxime Sauvé in Sasquatch zone.
8:37 of 2nd period - Wrist shot by Drew Shore.
8:37 of 2nd period - Goal by Drew Shore - Gangsters : 0 - Sasquatch : 3.
8:38 of 2nd period - Josh Bailey wins face-off versus Ryan Johansen in neutral zone.
8:41 of 2nd period - Slapshot by Linus Omark.
8:41 of 2nd period - Stopped by Mike Condon with a rebound.
8:47 of 2nd period - Linus Omark is hit by Mikko Lehtonen and loses puck.
9:09 of 2nd period - Alexandre Bolduc is hit by D.J King and loses puck.
9:14 of 2nd period - Snap shot by Lars Eller.
9:14 of 2nd period - Stopped by Mike Condon with a rebound.
9:33 of 2nd period - Snap shot by Stefan Noesen.
9:33 of 2nd period - Stopped by Corey Crawford without a rebound.
9:34 of 2nd period - Josh Bailey wins face-off versus Ryan Johansen in Sasquatch zone.
9:34 of 2nd period - Josh Bailey is hit by Shaun Heska.
9:37 of 2nd period - Minor Penalty to Jonathan Blum for Roughing.
9:38 of 2nd period - Drew Shore wins face-off versus Ryan Johansen in Sasquatch zone.
9:54 of 2nd period - Snap shot by Ryan Johansen.
9:54 of 2nd period - Shot Misses the Net.
11:04 of 2nd period - Colten Teubert is hit by D.J King and loses puck.
11:37 of 2nd period - Penalty to Jonathan Blum is over, Jonathan Blum is back on ice.
11:43 of 2nd period - Slapshot by James Wisniewski.
11:43 of 2nd period - Stopped by Mike Condon with a rebound.
11:45 of 2nd period - Slapshot by Yannick Weber.
11:45 of 2nd period - Shot Misses the Net.
11:49 of 2nd period - Backhand shot by Linus Omark.
11:49 of 2nd period - Goal by Linus Omark - Gangsters : 0 - Sasquatch : 4.
11:50 of 2nd period - Josh Bailey wins face-off versus Ryan Johansen in neutral zone.
11:57 of 2nd period - Snap shot by Josh Bailey.
11:57 of 2nd period - Shot Misses the Net.
11:59 of 2nd period - Wrist shot by Linus Omark.
11:59 of 2nd period - Stopped by Mike Condon with a rebound.
12:27 of 2nd period - Slapshot by Lars Eller.
12:27 of 2nd period - Goal by Lars Eller - Gangsters : 0 - Sasquatch : 5.
12:27 of 2nd period - Dustin Tokarski enters game.
12:28 of 2nd period - Josh Bailey wins face-off versus Ryan Johansen in neutral zone.
12:30 of 2nd period - Nick Leddy is hit by Ryan Johansen and loses puck.
12:39 of 2nd period - Snap shot by Ryan Johansen.
12:39 of 2nd period - Stopped by Corey Crawford with a rebound.
12:41 of 2nd period - Wrist shot by Nick Foligno.
12:41 of 2nd period - Shot Blocked by Jason Akeson.
12:43 of 2nd period - Wrist shot by Nick Foligno.
12:43 of 2nd period - Shot Hit the Post.
12:53 of 2nd period - Dave Dziurzynski is hit by Nick Leddy and loses puck.
13:20 of 2nd period - Snap shot by Stephane Da Costa.
13:20 of 2nd period - Stopped by Dustin Tokarski with a rebound.
13:32 of 2nd period - Minor Penalty to Andrej Sustr for Holding.
13:33 of 2nd period - Ryan Johansen wins face-off versus Drew Shore in Sasquatch zone.
13:42 of 2nd period - Slapshot by Ryan Johansen.
13:42 of 2nd period - Shot Misses the Net.
13:46 of 2nd period - Slapshot by Nick Foligno.
13:46 of 2nd period - Goal by Nick Foligno - Gangsters : 1 - Sasquatch : 5.
13:47 of 2nd period - Jason Akeson wins face-off versus Ryan Johansen in neutral zone.
14:13 of 2nd period - Yann Sauvé is hit by Shaun Heska and loses puck.
14:26 of 2nd period - Slapshot by Colten Teubert.
14:26 of 2nd period - Stopped by Corey Crawford with a rebound.
14:38 of 2nd period - Patrik Nemeth is hit by Garnet Hathaway and loses puck.
15:17 of 2nd period - Morgan Ellis is hit by Jesper Fast and loses puck.
15:25 of 2nd period - Off-side.
15:26 of 2nd period - Lars Eller wins face-off versus Mikko Lehtonen in neutral zone.
15:37 of 2nd period - Garnet Hathaway is hit by Nick Foligno and loses puck.
15:54 of 2nd period - Snap shot by Alexandre Bolduc.
15:54 of 2nd period - Stopped by Corey Crawford without a rebound.
15:55 of 2nd period - Stephane Da Costa wins face-off versus Alexandre Bolduc in Sasquatch zone.
16:31 of 2nd period - Slapshot by Ryan Johansen.
16:31 of 2nd period - Shot Blocked by Linus Omark.
16:33 of 2nd period - Slapshot by Michael Sdao.
16:33 of 2nd period - Shot Blocked by Linus Omark.
16:47 of 2nd period - Snap shot by Ben Holmstrom.
16:47 of 2nd period - Shot Misses the Net.
17:04 of 2nd period - Yann Sauvé is hit by Shaun Heska and loses puck.
17:21 of 2nd period - Nick Leddy is hit by Alexandre Bolduc.
17:29 of 2nd period - Slapshot by Alexandre Bolduc.
17:29 of 2nd period - Shot Blocked by Nick Leddy.
17:37 of 2nd period - Slapshot by Jason Akeson.
17:37 of 2nd period - Stopped by Dustin Tokarski without a rebound.
17:38 of 2nd period - Lars Eller wins face-off versus Ryan Johansen in Gangsters zone.
17:39 of 2nd period - Wrist shot by D.J King.
17:39 of 2nd period - Shot Misses the Net.
17:59 of 2nd period - Minor Penalty to D.J King for Slashing.
18:00 of 2nd period - Ryan Johansen wins face-off versus Drew Shore in Sasquatch zone.
19:59 of 2nd period - Penalty to D.J King is over, D.J King is back on ice.
Goals for this period are 1 for Gangsters vs 3 for Sasquatch.
Shots for this period are 8 for Gangsters vs 13 for Sasquatch.

3rd period


0:01 of 3rd period - Ryan Johansen wins face-off versus Jason Akeson in neutral zone.
0:07 of 3rd period - Shaun Heska is hit by Linus Omark.
0:12 of 3rd period - Off-side.
0:13 of 3rd period - Linus Omark wins face-off versus Ryan Johansen in neutral zone.
1:17 of 3rd period - Patrik Nemeth is hit by Teemu Hartikainen and loses puck.
1:24 of 3rd period - Snap shot by Teemu Hartikainen.
1:24 of 3rd period - Shot Misses the Net.
1:26 of 3rd period - Slapshot by Jonathan Blum.
1:26 of 3rd period - Deflect By Michael Sdao.
1:26 of 3rd period - Stopped by Dustin Tokarski with a rebound.
1:37 of 3rd period - Patrik Nemeth is hit by Jason Akeson and loses puck.
2:44 of 3rd period - Slapshot by Colten Teubert.
2:44 of 3rd period - Shot Misses the Net.
2:54 of 3rd period - Snap shot by Maxime Sauvé.
2:54 of 3rd period - Shot Misses the Net.
2:56 of 3rd period - Minor Penalty to Jesper Fast for Hooking.
2:57 of 3rd period - Drew Shore wins face-off versus Ryan Johansen in Sasquatch zone.
3:06 of 3rd period - Jonathan Blum is hit by Shaun Heska and loses puck.
3:31 of 3rd period - Linus Omark is hit by Richard Panik.
4:56 of 3rd period - Penalty to Jesper Fast is over, Jesper Fast is back on ice.
5:09 of 3rd period - Slapshot by Jonathan Blum.
5:09 of 3rd period - Shot Blocked by Colten Teubert.
5:28 of 3rd period - Stefan Noesen is hit by Jesper Fast and loses puck.
5:53 of 3rd period - Nick Foligno is hit by D.J King and loses puck.
7:38 of 3rd period - Wrist shot by Dave Dziurzynski.
7:38 of 3rd period - Shot Misses the Net.
7:40 of 3rd period - Slapshot by Patrik Nemeth.
7:40 of 3rd period - Deflect By Lars Eller.
7:40 of 3rd period - Stopped by Corey Crawford without a rebound.
7:41 of 3rd period - Alexandre Bolduc wins face-off versus Lars Eller in Sasquatch zone.
8:04 of 3rd period - Yann Sauvé is hit by Alexandre Bolduc and loses puck.
8:09 of 3rd period - Wrist shot by Alexandre Bolduc.
8:09 of 3rd period - Shot Misses the Net.
8:11 of 3rd period - Wrist shot by Shaun Heska.
8:11 of 3rd period - Shot Blocked by Linus Omark.
8:23 of 3rd period - Slapshot by Richard Panik.
8:23 of 3rd period - Shot Hit the Post.
8:25 of 3rd period - Slapshot by Colten Teubert.
8:25 of 3rd period - Deflect By Richard Panik.
8:25 of 3rd period - Gangsters goal is going for a video replay.
8:25 of 3rd period - The goal is refused. The goalkeeper has been pushed into the net together with the puck after making a save..
8:26 of 3rd period - Ryan Johansen wins face-off versus Lars Eller in Sasquatch zone.
8:56 of 3rd period - Ryan Strome is hit by Curtis McKenzie and loses puck.
9:17 of 3rd period - Slapshot by Yannick Weber.
9:17 of 3rd period - Deflect By Teemu Hartikainen.
9:17 of 3rd period - Shot Blocked by Patrik Nemeth.
9:17 of 3rd period - Puck is out of play.
9:18 of 3rd period - Lars Eller wins face-off versus Ben Holmstrom in Gangsters zone.
9:31 of 3rd period - Austen Brassard is hit by Lars Eller and loses puck.
9:53 of 3rd period - Wrist shot by Mikko Lehtonen.
9:53 of 3rd period - Shot Blocked by Josh Bailey.
9:55 of 3rd period - Slapshot by Morgan Ellis.
9:55 of 3rd period - Stopped by Corey Crawford with a rebound.
10:01 of 3rd period - Minor Penalty to Linus Omark for Hooking.
10:02 of 3rd period - Ryan Johansen wins face-off versus Drew Shore in Sasquatch zone.
10:03 of 3rd period - Wrist shot by Mikko Lehtonen.
10:03 of 3rd period - Shot Blocked by Drew Shore.
10:05 of 3rd period - Slapshot by Colten Teubert.
10:05 of 3rd period - Shot Misses the Net.
10:07 of 3rd period - Snap shot by Nick Foligno.
10:07 of 3rd period - Stopped by Corey Crawford without a rebound.
10:08 of 3rd period - Drew Shore wins face-off versus Ryan Johansen in Sasquatch zone.
10:23 of 3rd period - Slapshot by Nick Foligno.
10:23 of 3rd period - Shot Blocked by Yann Sauvé.
10:34 of 3rd period - Icing by Colten Teubert.
10:35 of 3rd period - Lars Eller wins face-off versus Alexandre Bolduc in Gangsters zone.
10:40 of 3rd period - Wrist shot by Brock Trotter.
10:40 of 3rd period - Deflect By Lars Eller.
10:40 of 3rd period - Stopped by Dustin Tokarski without a rebound.
10:41 of 3rd period - Ryan Johansen wins face-off versus Lars Eller in Gangsters zone.
10:41 of 3rd period - Ryan Johansen is hit by Andrej Sustr.
10:57 of 3rd period - Slapshot by D.J King.
10:57 of 3rd period - Shot Misses the Net.
11:15 of 3rd period - Snap shot by Brock Trotter.
11:15 of 3rd period - Stopped by Dustin Tokarski with a rebound.
12:00 of 3rd period - Lars Eller is hit by Richard Panik and loses puck.
12:01 of 3rd period - Penalty to Linus Omark is over, Linus Omark is back on ice.
12:25 of 3rd period - Wrist shot by Brock Trotter.
12:25 of 3rd period - Shot Blocked by Stefan Noesen.
12:37 of 3rd period - Wrist shot by Phillip Danault.
12:37 of 3rd period - Shot Blocked by James Wisniewski.
12:39 of 3rd period - Slapshot by Austen Brassard.
12:39 of 3rd period - Shot Blocked by Andrej Sustr.
12:41 of 3rd period - Snap shot by Morgan Ellis.
12:41 of 3rd period - Stopped by Corey Crawford with a rebound.
12:43 of 3rd period - Slapshot by Morgan Ellis.
12:43 of 3rd period - Stopped by Corey Crawford without a rebound.
12:44 of 3rd period - Drew Shore wins face-off versus Phillip Danault in Sasquatch zone.
13:01 of 3rd period - Slapshot by Colten Teubert.
13:01 of 3rd period - Stopped by Corey Crawford with a rebound.
13:07 of 3rd period - Ben Holmstrom is hit by Yann Sauvé and loses puck.
13:30 of 3rd period - Wrist shot by Nick Leddy.
13:30 of 3rd period - Stopped by Dustin Tokarski with a rebound.
13:32 of 3rd period - Slapshot by Teemu Hartikainen.
13:32 of 3rd period - Shot Misses the Net.
13:34 of 3rd period - Slapshot by Teemu Hartikainen.
13:34 of 3rd period - Shot Misses the Net.
13:36 of 3rd period - Wrist shot by Drew Shore.
13:36 of 3rd period - Shot Misses the Net.
13:38 of 3rd period - Snap shot by Yann Sauvé.
13:38 of 3rd period - Shot Blocked by Austen Brassard.
13:40 of 3rd period - Slapshot by Nick Leddy.
13:40 of 3rd period - Shot Blocked by Shaun Heska.
13:42 of 3rd period - Slapshot by Yann Sauvé.
13:42 of 3rd period - Shot Misses the Net.
13:44 of 3rd period - Slapshot by Yann Sauvé.
13:44 of 3rd period - Shot Blocked by Colten Teubert.
13:46 of 3rd period - Snap shot by Drew Shore.
13:46 of 3rd period - Shot Misses the Net.
14:40 of 3rd period - Slapshot by Colten Teubert.
14:40 of 3rd period - Deflect By Phillip Danault.
14:40 of 3rd period - Shot Blocked by Yann Sauvé.
14:40 of 3rd period - Puck is out of play.
14:41 of 3rd period - Ryan Johansen wins face-off versus Josh Bailey in Sasquatch zone.
14:51 of 3rd period - Minor Penalty to Linus Omark for Goalie Interference.
14:52 of 3rd period - Ryan Johansen wins face-off versus Lars Eller in Sasquatch zone.
14:55 of 3rd period - Wrist shot by Nick Foligno.
14:55 of 3rd period - Shot Misses the Net.
14:57 of 3rd period - Snap shot by Patrik Nemeth.
14:57 of 3rd period - Stopped by Corey Crawford without a rebound.
14:58 of 3rd period - Lars Eller wins face-off versus Ryan Johansen in Sasquatch zone.
14:58 of 3rd period - Lars Eller is hit by Mikko Lehtonen.
15:14 of 3rd period - Slapshot by Patrik Nemeth.
15:14 of 3rd period - Stopped by Corey Crawford without a rebound.
15:15 of 3rd period - Lars Eller wins face-off versus Alexandre Bolduc in Sasquatch zone.
15:34 of 3rd period - Patrik Nemeth is hit by D.J King and loses puck.
15:43 of 3rd period - Snap shot by Alexandre Bolduc.
15:43 of 3rd period - Shot Misses the Net.
15:45 of 3rd period - Slapshot by Richard Panik.
15:45 of 3rd period - Shot Misses the Net.
15:47 of 3rd period - Slapshot by Dave Dziurzynski.
15:47 of 3rd period - Shot Misses the Net.
15:49 of 3rd period - Slapshot by Patrik Nemeth.
15:49 of 3rd period - Shot Blocked by James Wisniewski.
15:51 of 3rd period - Wrist shot by Michael Sdao.
15:51 of 3rd period - Deflect By Alexandre Bolduc.
15:51 of 3rd period - Shot Misses the Net.
15:51 of 3rd period - Puck is out of play.
15:52 of 3rd period - Ryan Johansen wins face-off versus Drew Shore in Sasquatch zone.
16:51 of 3rd period - Penalty to Linus Omark is over, Linus Omark is back on ice.
17:00 of 3rd period - Stefan Noesen is hit by Linus Omark and loses puck.
17:54 of 3rd period - Snap shot by Ben Holmstrom.
17:54 of 3rd period - Stopped by Corey Crawford without a rebound.
17:55 of 3rd period - Lars Eller wins face-off versus Ben Holmstrom in Sasquatch zone.
18:04 of 3rd period - Garnet Hathaway is hit by Austen Brassard.
18:20 of 3rd period - Shaun Heska is hit by Josh Bailey and loses puck.
18:25 of 3rd period - Wrist shot by Linus Omark.
18:25 of 3rd period - Shot Misses the Net.
18:43 of 3rd period - Slapshot by Andrej Sustr.
18:43 of 3rd period - Deflect By Alexandre Bolduc.
18:43 of 3rd period - Stopped by Dustin Tokarski with a rebound.
19:17 of 3rd period - Slapshot by Nick Leddy.
19:17 of 3rd period - Shot Blocked by Morgan Ellis.
19:29 of 3rd period - Backhand shot by Drew Shore.
19:29 of 3rd period - Deflect By Nick Foligno.
19:29 of 3rd period - Shot Misses the Net.
19:29 of 3rd period - Puck is out of play.
19:30 of 3rd period - Josh Bailey wins face-off versus Alexandre Bolduc in Gangsters zone.
19:31 of 3rd period - Snap shot by Linus Omark.
19:31 of 3rd period - Stopped by Dustin Tokarski with a rebound.
19:33 of 3rd period - Slapshot by James Wisniewski.
19:33 of 3rd period - Shot Blocked by Patrik Nemeth.
19:55 of 3rd period - Lars Eller is hit by Michael Sdao and loses puck.
Goals for this period are 0 for Gangsters vs 0 for Sasquatch.
Shots for this period are 10 for Gangsters vs 6 for Sasquatch.